[Event "Wednesday Apr 11 Engine Tour 9 Rd Swiss 12m+1s Starts at 1600hrs ST"]
[Site "Infinity Chess"]
[Date "2018.4.11"]
[Round "3"]
[White "MCDermont"]
[Black "ocirema"]
[Result "1-0 "]
[ECO "C55"]
[WhiteElo "2471"]
[BlackElo "2458"]
[WhiteEngine "BrainFish 090218"]
[BlackEngine "asmFishW_2018-04-08_popcnt"]
[EventType "Swiss"]
[WhiteTeam ""]
[BlackTeam ""]
[PlyCount "189"]
[TimeControl "720+1"]

1. e4 e5 2. Nf3 Nc6 3. Bc4 Nf6 4. d3 Bc5 5. c3 d6 6. O-O a5 7. Nbd2 O-O 
8. Re1 h6 9. Nf1 Be6 10. Bb5 Ne7 11. h3 Bb6 12. d4 exd4 13. Nxd4 Ng6 14. Ng3 c6 
15. Bd3 Bd7 16. Bc2 Re8 17. f4 a4 18. a3 Qc8 19. Kh2 Qd8 20. Qf3 Nh4 21. Qf1 Bc7 
22. c4 Ba5 23. Rd1 Bb6 24. Rb1 Ng6 25. b4 axb3 26. Rxb3 Bc5 27. Bb2 h5 
28. Ngf5 b6 29. e5 dxe5 30. fxe5 Nxe5 31. Kh1 Nfg4 32. hxg4 Nxg4 33. Rg3 Qf6 
34. Ba1 Bxf5 35. Nxf5 Re5 36. Bxe5 Qxe5 37. Re1 Qc7 38. Re4 g6 39. Rgxg4 hxg4 
40. Rxg4 Qe5 41. Nh6+ Kg7 42. Nf5+ Kg8 43. g3 Bf8 44. Nh4 Bg7 45. a4 Qe3 
46. Kh2 Qd2+ 47. Qg2 Rd8 48. Nf3 Qe3 49. Re4 Qh6+ 50. Kg1 Qc1+ 51. Re1 Qb2 
52. Qe2 Bf8 53. Kg2 Qf6 54. c5 b5 55. axb5 cxb5 56. Qxb5 Rd5 57. Re8 Kg7 
58. Rc8 Qc3 59. Bxg6 Rxc5 60. Qd7 Qc4 61. Bxf7 Qe2+ 62. Kh3 Qe7 63. Qxe7 Bxe7 
64. Rxc5 Bxc5 65. Bd5 Kg6 66. g4 Be7 67. Be4+ Kh6 68. Kg3 Bd8 69. Kf4 Bc7+ 
70. Kf5 Kg7 71. g5 Ba5 72. Bd5 Bc3 73. g6 Bf6 74. Bf7 Ba1 75. Ke4 Kf6 
76. Nh4 Kg7 77. Nf5+ Kh8 78. Kd5 Bb2 79. Be6 Bc3 80. Kd6 Bb4+ 81. Kd7 Bc3 
82. Ke7 Ba1 83. Kf7 Bg7 84. Bd5 Ba1 85. g7+ Bxg7 86. Nxg7 Kh7 87. Bh1 Kh8 
88. Ne6 Kh7 89. Nf4 Kh8 90. Ng6+ Kh7 91. Be4 Kh6 92. Ne5 Kg5 93. Nd3 Kh6 
94. Kf6 Kh5 95. Ne5 1-0

[Event "Wednesday Apr 11 Engine Tour 9 Rd Swiss 12m+1s Starts at 1600hrs ST"]
[Site "Infinity Chess"]
[Date "2018.4.11"]
[Round "3"]
[White "Marsell"]
[Black "RonWeasley"]
[Result "1/2-1/2"]
[ECO "C11"]
[WhiteElo "2463"]
[BlackElo "2471"]
[WhiteEngine "BrainFish_180408_x64_bmi2"]
[BlackEngine "BrainFish 090218_CTG"]
[EventType "Swiss"]
[WhiteTeam ""]
[BlackTeam ""]
[PlyCount "133"]
[TimeControl "720+1"]

1. e4 e6 2. d4 d5 3. Nc3 Nf6 4. e5 Nfd7 5. f4 c5 6. Nf3 Nc6 7. Be3 cxd4 
8. Nxd4 Qb6 9. Qd2 Qxb2 10. Rb1 Qa3 11. Bb5 Nxd4 12. Bxd4 a6 13. Bxd7+ Bxd7 
14. Rb3 Qe7 15. Rxb7 Rc8 16. O-O Qd8 17. f5 exf5 18. Qd3 Bc5 19. Bxc5 Rxc5 
20. Nxd5 Bc8 21. Re7+ Kf8 22. Qa3 Qa5 23. Qxa5 Rxa5 24. Rc7 Be6 25. Nf4 Rxe5 
26. Nxe6+ Rxe6 27. Rxf5 Re7 28. Rc8+ Re8 29. Rc7 Re7 30. Rc8+ Re8 31. Rfc5 Ke7 
32. R8c6 g6 33. Kf2 Ra8 34. Rc7+ Kf6 35. Rc3 Kg7 36. Rf3 Rhf8 37. Kg3 Rad8 
38. h4 Rd2 39. a4 a5 40. Kh3 Rd4 41. c4 h5 42. Rf2 Kh6 43. Rf3 f5 44. Rb3 Re8 
45. g3 f4 46. g4 hxg4+ 47. Kxg4 f3+ 48. Kxf3 Rxh4 49. Kg3 Rh1 50. Kg2 Rh4 
51. Rb5 Re2+ 52. Kf3 Rc2 53. Rxa5 Rc3+ 54. Kg2 Rd4 55. Re5 Rd2+ 56. Kf1 Rh2 
57. Re1 Rh1+ 58. Ke2 Rh2+ 59. Kf1 Ra3 60. Rce7 Rc2 61. c5 Rxa4 62. R7e5 Rac4 
63. Kg1 Rxc5 64. Rxc5 Rxc5 65. Ra1 g5 66. Ra6+ Kh5 67. Ra3 1/2-1/2

[Event "Wednesday Apr 11 Engine Tour 9 Rd Swiss 12m+1s Starts at 1600hrs ST"]
[Site "Infinity Chess"]
[Date "2018.4.11"]
[Round "3"]
[White "Nigi"]
[Black "Seliga"]
[Result "1/2-1/2"]
[ECO "C53"]
[WhiteElo "2389"]
[BlackElo "2480"]
[WhiteEngine "stockfish_18040720_x64_bmi2"]
[BlackEngine "SF9 ''A5''_CTG"]
[EventType "Swiss"]
[WhiteTeam ""]
[BlackTeam ""]
[PlyCount "129"]
[TimeControl "720+1"]

1. e4 e5 2. Nf3 Nc6 3. Bc4 Bc5 4. c3 Nf6 5. d3 O-O 6. O-O a5 7. a4 d6 8. Bg5 Kh8 
9. Re1 h6 10. Bh4 Ba7 11. Na3 g5 12. Bg3 Nh7 13. Nb5 Bb6 14. d4 h5 15. h4 Bg4 
16. hxg5 Nxg5 17. Kf1 f5 18. Bh4 Qd7 19. Qc1 Nh7 20. Qh6 fxe4 21. Ng5 Qg7 
22. Qxg7+ Kxg7 23. Nxe4 exd4 24. Nxd4 Bxd4 25. cxd4 Nxd4 26. Ng3 Rae8 27. f3 Be6 
28. Bd3 Nf6 29. Bxf6+ Kxf6 30. Nxh5+ Kg5 31. Ng7 Re7 32. Re4 Rxg7 33. Rxd4 d5 
34. Rc1 c6 35. Kf2 Bf5 36. Re1 Bxd3 37. Rxd3 Rh8 38. Rde3 Rh4 39. Re6 Rb4 
40. R1e5+ Kf4 41. Re2 Rg8 42. R6e3 Kf5 43. b3 Kf6 44. g4 Rf8 45. Kg3 Kg7 
46. Rd3 Rf7 47. Re5 b6 48. Rc3 Kf8 49. Re6 c5 50. Rc6 Kg7 51. Rd3 c4 
52. bxc4 dxc4 53. Rc3 Rxa4 54. Rxb6 Rc7 55. Ra6 Ra1 56. f4 a4 57. f5 a3 
58. Kf4 a2 59. Kg5 Kf8 60. Re3 Rg7+ 61. Kf6 Rf7+ 62. Kg5 Rg7+ 63. Kf6 Rf7+ 
64. Kg6 Rg7+ 65. Kf6 1/2-1/2

[Event "Wednesday Apr 11 Engine Tour 9 Rd Swiss 12m+1s Starts at 1600hrs ST"]
[Site "Infinity Chess"]
[Date "2018.4.11"]
[Round "3"]
[White "MarioDeMonti"]
[Black "SkyPilot"]
[Result "1/2-1/2"]
[ECO "C53"]
[WhiteElo "2505"]
[BlackElo "2492"]
[WhiteEngine "stockfish_x64_bmi2_2018_02_18_CTG"]
[BlackEngine "stockfish_x64_bmi2_2018_04_07_CTG"]
[EventType "Swiss"]
[WhiteTeam ""]
[BlackTeam ""]
[PlyCount "75"]
[TimeControl "720+1"]

1. e4 e5 2. Nf3 Nc6 3. Bc4 Bc5 4. c3 Nf6 5. d3 d6 6. O-O O-O 7. Bg5 h6 8. Bh4 a5 
9. Nbd2 Ba7 10. Bb3 Be6 11. Ba4 g5 12. Bg3 Rb8 13. Re1 Nh7 14. h3 g4 15. hxg4 b5 
16. Bc2 Bxg4 17. Nf1 Qf6 18. N1h2 Be6 19. Nh4 Qg7 20. Nf1 Ne7 21. Rc1 f5 
22. exf5 Nxf5 23. Nxf5 Rxf5 24. d4 Rg5 25. Ne3 exd4 26. cxd4 Bxd4 27. Bf4 Rc5 
28. Bxh7+ Kxh7 29. Qd3+ Kh8 30. Nc2 Be5 31. Bxe5 Rxe5 32. Rxe5 Qxe5 33. Nd4 Bd5 
34. Rxc7 Qe1+ 35. Kh2 Qe5+ 36. Kg1 Qe1+ 37. Kh2 Qe5+ 38. Kg1 1/2-1/2

[Event "Wednesday Apr 11 Engine Tour 9 Rd Swiss 12m+1s Starts at 1600hrs ST"]
[Site "Infinity Chess"]
[Date "2018.4.11"]
[Round "2"]
[White "Dovahkiin"]
[Black "Harry_Potter"]
[Result "1/2-1/2"]
[ECO "C50"]
[WhiteElo "2391"]
[BlackElo "2479"]
[WhiteEngine "Raubfisch ME262_GTZ16f_CTG"]
[BlackEngine "Stockfish_x64_bmi2_CTG"]
[EventType "Swiss"]
[WhiteTeam ""]
[BlackTeam ""]
[PlyCount "85"]
[TimeControl "720+1"]

1. e4 e5 2. Nf3 Nc6 3. Bc4 Bc5 4. O-O Nf6 5. d3 d6 6. c3 O-O 7. Bg5 h6 8. Bh4 a5 
9. a4 g5 10. Bg3 Kg7 11. Nbd2 Ba7 12. Re1 Nh7 13. h3 h5 14. d4 g4 15. Nh4 exd4 
16. cxd4 Bxd4 17. hxg4 hxg4 18. Bd5 Ne7 19. Nb3 Bxb2 20. Rb1 Bc3 21. Re3 Nxd5 
22. Qxd5 Bf6 23. Nf5+ Kh8 24. Nbd4 Ng5 25. Qc4 c5 26. Nb5 d5 27. Qe2 Bxf5 
28. exf5 d4 29. Reb3 Re8 30. Qc4 Ne4 31. Nc7 b5 32. axb5 a4 33. Ra3 Re7 
34. Nxa8 Nd2 35. Qc1 Nxb1 36. Bc7 Qf8 37. Qxb1 Qxa8 38. b6 Qa5 39. Kf1 Re8 
40. Bf4 Re7 41. Bc7 Re8 42. Bf4 Re7 43. Bc7 1/2-1/2

[Event "Wednesday Apr 11 Engine Tour 9 Rd Swiss 12m+1s Starts at 1600hrs ST"]
[Site "Infinity Chess"]
[Date "2018.4.11"]
[Round "2"]
[White "hafaba"]
[Black "CrapCleaner"]
[Result "1/2-1/2"]
[ECO "C50"]
[WhiteElo "2452"]
[BlackElo "2487"]
[WhiteEngine "Eman 1.70-beta18x 64-bit POPCNT_CTG"]
[BlackEngine "Raubfisch X38a._CTG"]
[EventType "Swiss"]
[WhiteTeam ""]
[BlackTeam ""]
[PlyCount "116"]
[TimeControl "720+1"]

1. e4 e5 2. Nf3 Nc6 3. Bc4 Bc5 4. O-O Nf6 5. d3 d6 6. c3 a5 7. Nbd2 O-O 
8. Re1 h6 9. Nf1 Be6 10. Bb5 Ne7 11. d4 exd4 12. cxd4 Bb6 13. Ng3 d5 14. e5 Ne4 
15. Bd3 Nxg3 16. hxg3 Qd7 17. Bb1 Bg4 18. a4 Rfe8 19. Be3 Bf5 20. Nh4 Bxb1 
21. Rxb1 Rf8 22. b3 g5 23. Nf3 Nc6 24. Bc1 Rfe8 25. Bb2 f5 26. exf6 Rxe1+ 
27. Qxe1 Qf5 28. Rd1 Qxf6 29. Bc3 Qf7 30. Qd2 Re8 31. Ne5 Nxe5 32. dxe5 Rf8 
33. Rf1 Ra8 34. Qd3 Qe6 35. Kh2 Rf8 36. f4 Rf5 37. Bd2 Rf7 38. Qe2 c6 
39. Bc3 Rf5 40. Bd2 Rf7 41. Be3 Bxe3 42. Qxe3 Qf5 43. Qd2 Rg7 44. Rf3 gxf4 
45. gxf4 Rg4 46. Qe1 b6 47. g3 h5 48. Qe3 h4 49. Qxb6 hxg3+ 50. Rxg3 Qh7+ 
51. Kg2 Rxg3+ 52. Kxg3 Qg6+ 53. Kf2 Qc2+ 54. Kf3 Qe4+ 55. Kg4 Qg6+ 56. Kf3 Qe4+ 
57. Kg4 Qg6+ 58. Kf3 Qe4+ 1/2-1/2

[Event "Wednesday Apr 11 Engine Tour 9 Rd Swiss 12m+1s Starts at 1600hrs ST"]
[Site "Infinity Chess"]
[Date "2018.4.11"]
[Round "2"]
[White "NINJA_JENGKA"]
[Black "star99"]
[Result "1/2-1/2 "]
[ECO "A46"]
[WhiteElo "2396"]
[BlackElo "2412"]
[WhiteEngine "Houdini 6_CTG"]
[BlackEngine "Cryptic Heroes 9.3B"]
[EventType "Swiss"]
[WhiteTeam ""]
[BlackTeam ""]
[PlyCount "161"]
[TimeControl "720+1"]

1. d4 Nf6 2. Nf3 e6 3. c4 d5 4. Nc3 Bb4 5. cxd5 exd5 6. Bg5 O-O 7. e3 h6 
8. Bh4 c5 9. Bd3 Bg4 10. O-O g5 11. Bg3 cxd4 12. exd4 Nc6 13. Be5 Bxc3 
14. bxc3 Ne4 15. h3 Nxe5 16. dxe5 Nxc3 17. Qb3 Bxf3 18. Qxc3 Be4 19. Bxe4 dxe4 
20. Rad1 Qb6 21. Qe1 Rfe8 22. Qxe4 Rad8 23. Rxd8 Rxd8 24. Rb1 Rd4 25. Rxb6 Rxe4 
26. Rxb7 Ra4 27. a3 Rxa3 28. Kf1 Ra5 29. g3 Rxe5 30. Rxa7 Rc5 31. Ke2 Kg7 
32. Kf3 Kg6 33. Ke4 Rc3 34. Ra6+ f6 35. Kd4 Rc1 36. f4 gxf4 37. gxf4 Kf5 
38. Ke3 Rc3+ 39. Kf2 Rxh3 40. Ra5+ Kg4 41. Ra8 Rf3+ 42. Ke2 Rxf4 43. Rg8+ Kh4 
44. Rg1 h5 45. Ke3 Rg4 46. Rd1 Kg5 47. Rd8 Rg3+ 48. Kf2 h4 49. Rg8+ Kf4 
50. Rh8 Kg4 51. Rf8 Kg5 52. Rg8+ Kf4 53. Rh8 Rf3+ 54. Kg2 h3+ 55. Kh1 Rb3 
56. Rg8 Re3 57. Kh2 Ke5 58. Re8+ Kf4 59. Rg8 Rf3 60. Rg6 Ke4 61. Rg4+ Kd5 
62. Rg8 Kd6 63. Re8 Kd5 64. Rg8 Ra3 65. Rd8+ Ke4 66. Rb8 Rc3 67. Ra8 Kf5 
68. Rf8 Re3 69. Rd8 Kg6 70. Rh8 Kf5 71. Rd8 Kg6 72. Rh8 Rf3 73. Rg8+ Kf7 
74. Rh8 Ra3 75. Rh7+ Kg6 76. Rh4 Rc3 77. Rh8 Ra3 78. Rh4 Rc3 79. Rh8 Kf5 
80. Rf8 Rb3 81. Rd8 1/2-1/2

[Event "Wednesday Apr 11 Engine Tour 9 Rd Swiss 12m+1s Starts at 1600hrs ST"]
[Site "Infinity Chess"]
[Date "2018.4.11"]
[Round "2"]
[White "localhero"]
[Black "Time_bandit"]
[Result "1/2-1/2"]
[ECO "C65"]
[WhiteElo "2428"]
[BlackElo "2434"]
[WhiteEngine "asmFishW_2017-10-04_popcnt"]
[BlackEngine "asmFishW_2018-02-02_popcnt"]
[EventType "Swiss"]
[WhiteTeam ""]
[BlackTeam ""]
[PlyCount "120"]
[TimeControl "720+1"]

1. e4 e5 2. Nf3 Nc6 3. Bb5 Nf6 4. O-O Nxe4 5. d4 Nd6 6. Bxc6 dxc6 7. dxe5 Nf5 
8. Qxd8+ Kxd8 9. Nc3 Bd7 10. Rd1 Kc8 11. Ng5 Be8 12. Rd3 b6 13. a4 c5 14. Nf3 c4 
15. Rd1 a5 16. Bf4 Bc5 17. Ne4 Bc6 18. Re1 Re8 19. Nxc5 bxc5 20. g4 Nd4 
21. Nxd4 cxd4 22. e6 fxe6 23. Be5 Rd8 24. Red1 d3 25. cxd3 cxd3 26. Ra3 d2 
27. Kf1 Rb8 28. Rc3 Kb7 29. Ke2 Rd5 30. f4 Bxa4 31. Rxd2 Rxd2+ 32. Kxd2 Rd8+ 
33. Rd3 Rxd3+ 34. Kxd3 Bb5+ 35. Ke3 g6 36. Bc3 a4 37. g5 c5 38. Ke4 Bc4 
39. Ke5 Kb6 40. Kf6 Kc6 41. Kg7 Bd3 42. Kxh7 Kd5 43. h4 Bf5 44. Be5 Ke4 
45. Kg7 Kf3 46. Kf6 Ke4 47. Bd6 c4 48. Kg7 a3 49. bxa3 c3 50. Bb4 Kd4 51. a4 Kc4 
52. Bxc3 Kxc3 53. a5 Kd4 54. a6 e5 55. fxe5 Kxe5 56. a7 Be4 57. a8=Q Bxa8 
58. Kxg6 Be4+ 59. Kg7 Kf4 60. h5 Kxg5 1/2-1/2

[Event "Wednesday Apr 11 Engine Tour 9 Rd Swiss 12m+1s Starts at 1600hrs ST"]
[Site "Infinity Chess"]
[Date "2018.4.11"]
[Round "2"]
[White "Murx"]
[Black "Deep_Impact"]
[Result "1/2-1/2"]
[ECO "A22"]
[WhiteElo "2462"]
[BlackElo "2446"]
[WhiteEngine "asmFishW_2018-04-07_popcnt"]
[BlackEngine "asmFishW_2018-04-07_bmi2"]
[EventType "Swiss"]
[WhiteTeam ""]
[BlackTeam ""]
[PlyCount "210"]
[TimeControl "720+1"]

1. c4 e5 2. Nc3 Nf6 3. Nf3 Nc6 4. g3 d5 5. cxd5 Nxd5 6. Bg2 Nb6 7. O-O Be7 
8. d3 O-O 9. Be3 Be6 10. a3 Nd5 11. Nxd5 Bxd5 12. Rc1 Qd7 13. d4 e4 14. Ne5 Qe6 
15. Nxc6 bxc6 16. Rc3 Bd6 17. f3 exf3 18. Bxf3 a5 19. Qc2 Rab8 20. Bc1 f5 
21. Rf2 Rb6 22. Re3 Qf7 23. Bd2 a4 24. Rc3 Qf6 25. e3 Qe6 26. Bc1 Bb3 27. Qd3 g6 
28. Bd1 Qd5 29. Bf3 Qb5 30. Qe2 Qxe2 31. Rxe2 Bd5 32. e4 fxe4 33. Bxe4 Ra8 
34. Kf2 Kg7 35. Ke1 h6 36. Bf3 g5 37. Be4 Rbb8 38. Bc2 Rf8 39. Be3 g4 40. Bd1 h5 
41. Bd2 Rf5 42. Rf2 Rxf2 43. Kxf2 Rb8 44. Bc1 Rf8+ 45. Ke1 Bg2 46. Be2 Kg6 
47. Bd2 Rb8 48. Bc1 Rh8 49. Kf2 Bd5 50. Bd1 Ra8 51. Bd2 Rb8 52. Bc1 Rf8+ 
53. Kg1 Ra8 54. Be3 Kf5 55. Bc1 Kf6 56. Kf2 Ke6 57. Re3+ Kd7 58. Ke1 Bc4 
59. Rc3 Bd5 60. Re3 Bc4 61. Rc3 Bb5 62. Be3 Rf8 63. Rc1 Ke6 64. Bc2 c5 
65. Kd2 cxd4 66. Bxd4 Kd5 67. Bg1 Re8 68. Be3 c5 69. Bg6 Re5 70. Re1 Be8 
71. Bc2 Re6 72. Bf5 Re7 73. Rc1 Bf7 74. Bd3 Rb7 75. Rc2 Re7 76. Bg5 Rb7 
77. Bf6 Kc6 78. Ke1 Bg8 79. Rd2 Bh7 80. Bc4 Be4 81. Re2 Bd5 82. Bd3 Rf7 
83. Bg5 Rb7 84. Rf2 Kc7 85. Rf5 Be6 86. Rf6 Kd7 87. Bc1 c4 88. Bc2 Be5 
89. Bxa4+ Ke7 90. Rf2 Kd6 91. Be8 Bd4 92. Rd2 Kc5 93. Bg6 Bf7 94. Bxf7 Rxf7 
95. Re2 c3 96. bxc3 Bxc3+ 97. Bd2 Bxd2+ 98. Rxd2 Rf3 99. Rc2+ Kd5 100. Ra2 h4 
101. gxh4 g3 102. hxg3 Rxg3 103. Kf2 Rh3 104. Ra1 Rxh4 105. Rd1+ Kc4 1/2-1/2

[Event "Wednesday Apr 11 Engine Tour 9 Rd Swiss 12m+1s Starts at 1600hrs ST"]
[Site "Infinity Chess"]
[Date "2018.4.11"]
[Round "2"]
[White "Marsell"]
[Black "ocirema"]
[Result "1/2-1/2"]
[ECO "C55"]
[WhiteElo "2463"]
[BlackElo "2458"]
[WhiteEngine "BrainFish_180408_x64_bmi2"]
[BlackEngine "asmFishW_2018-04-08_popcnt"]
[EventType "Swiss"]
[WhiteTeam ""]
[BlackTeam ""]
[PlyCount "73"]
[TimeControl "720+1"]

1. e4 e5 2. Nf3 Nc6 3. Bc4 Nf6 4. d3 Bc5 5. c3 d6 6. O-O a5 7. Bg5 Ba7 
8. Nbd2 h6 9. Bh4 g5 10. Bg3 O-O 11. a3 Kg7 12. Re1 Nh7 13. h3 h5 14. d4 g4 
15. Nh4 exd4 16. Nf5+ Bxf5 17. exf5 dxc3 18. Ne4 cxb2 19. Rb1 d5 20. Bxd5 Bd4 
21. Qb3 h4 22. Bf4 g3 23. Red1 Nf6 24. Bxc6 bxc6 25. Qc4 c5 26. Nxc5 Bxf2+ 
27. Kh1 Qe7 28. Bh6+ Kxh6 29. Qxh4+ Kg7 30. Qg5+ Kh8 31. Nd7 Ra6 32. Qh6+ Kg8 
33. Qg5+ Kh7 34. Qh4+ Kg8 35. Qg5+ Kh7 36. Qh4+ Kg8 37. Qg5+ 1/2-1/2

[Event "Wednesday Apr 11 Engine Tour 9 Rd Swiss 12m+1s Starts at 1600hrs ST"]
[Site "Infinity Chess"]
[Date "2018.4.11"]
[Round "2"]
[White "RonWeasley"]
[Black "MCDermont"]
[Result "1/2-1/2"]
[ECO "D30"]
[WhiteElo "2471"]
[BlackElo "2471"]
[WhiteEngine "BrainFish 090218_CTG"]
[BlackEngine "BrainFish 090218"]
[EventType "Swiss"]
[WhiteTeam ""]
[BlackTeam ""]
[PlyCount "94"]
[TimeControl "720+1"]

1. d4 d5 2. c4 e6 3. Nf3 Nf6 4. Nc3 dxc4 5. e4 Bb4 6. Qc2 b5 7. a4 c6 8. Be2 Bb7 
9. O-O a6 10. b3 Qa5 11. Na2 cxb3 12. Qxb3 Be7 13. Bd2 Qc7 14. e5 Ne4 15. Bf4 c5 
16. axb5 O-O 17. b6 Qd8 18. Nc3 cxd4 19. Nxe4 Bxe4 20. Rfd1 Bd5 21. Qb2 Bc5 
22. Nxd4 Qxb6 23. Qxb6 Bxb6 24. Nf5 Nc6 25. Rac1 Rfc8 26. Nd6 Rc7 27. Be3 Ba5 
28. Ra1 Bb4 29. Rdc1 f6 30. Rxa6 Rxa6 31. Bxa6 fxe5 32. Nc8 Ba5 33. Bb6 Bxb6 
34. Nxb6 Ra7 35. Nxd5 Rxa6 36. Nc7 Ra2 37. Nxe6 Kf7 38. Ng5+ Kg6 39. Rxc6+ Kxg5 
40. g3 Kf5 41. Rc7 Kf6 42. h4 Ra1+ 43. Kg2 h5 44. Rc6+ Kf5 45. Rc7 Kf6 
46. Rc6+ Kf5 47. Rc7 Kf6 1/2-1/2

[Event "Wednesday Apr 11 Engine Tour 9 Rd Swiss 12m+1s Starts at 1600hrs ST"]
[Site "Infinity Chess"]
[Date "2018.4.11"]
[Round "2"]
[White "Seliga"]
[Black "MarioDeMonti"]
[Result "1/2-1/2"]
[ECO "C55"]
[WhiteElo "2479"]
[BlackElo "2506"]
[WhiteEngine "SF9 ''A5''_CTG"]
[BlackEngine "stockfish_x64_bmi2_2018_02_18_CTG"]
[EventType "Swiss"]
[WhiteTeam ""]
[BlackTeam ""]
[PlyCount "90"]
[TimeControl "720+1"]

1. e4 e5 2. Nf3 Nc6 3. Bc4 Nf6 4. d3 Bc5 5. c3 d6 6. O-O O-O 7. Re1 Bb6 8. a4 a5 
9. Nbd2 h6 10. h3 Be6 11. Bxe6 fxe6 12. Nc4 Bc5 13. Be3 Bxe3 14. Rxe3 Nd7 
15. Qc2 Qf6 16. Rf1 Rf7 17. Ncd2 Nc5 18. Nh2 g5 19. Rf3 Qg7 20. Rd1 Raf8 
21. Rxf7 Rxf7 22. Nc4 h5 23. Nxa5 Nxa5 24. b4 Ncb3 25. bxa5 Nxa5 26. d4 Nc6 
27. Qb2 exd4 28. cxd4 Qf6 29. Rd2 b6 30. Qc3 Na5 31. Re2 Qg7 32. Nf1 c5 
33. e5 Nc6 34. dxc5 dxc5 35. a5 Nxa5 36. Qb2 Nc6 37. Qxb6 Nd4 38. Re3 g4 
39. Qxc5 gxh3 40. Rxh3 Qg4 41. Ne3 Ne2+ 42. Kf1 Ng3+ 43. Kg1 Ne2+ 44. Kf1 Ng3+ 
45. Kg1 Ne2+ 1/2-1/2

[Event "Wednesday Apr 11 Engine Tour 9 Rd Swiss 12m+1s Starts at 1600hrs ST"]
[Site "Infinity Chess"]
[Date "2018.4.11"]
[Round "2"]
[White "SkyPilot"]
[Black "Nigi"]
[Result "1/2-1/2"]
[ECO "E10"]
[WhiteElo "2497"]
[BlackElo "2384"]
[WhiteEngine "stockfish_x64_bmi2_2018_04_07_CTG"]
[BlackEngine "stockfish_18040720_x64_bmi2"]
[EventType "Swiss"]
[WhiteTeam ""]
[BlackTeam ""]
[PlyCount "127"]
[TimeControl "720+1"]

1. d4 Nf6 2. c4 e6 3. Nf3 d5 4. Nc3 c6 5. Bg5 h6 6. Bxf6 Qxf6 7. e3 Nd7 
8. Be2 Be7 9. O-O O-O 10. Rc1 g6 11. Nd2 Qg7 12. Qc2 Rd8 13. a3 h5 14. Rfd1 a6 
15. Na2 g5 16. Nb4 g4 17. Nd3 Bd6 18. f4 a5 19. b4 axb4 20. axb4 Nf8 21. b5 cxb5 
22. cxd5 exd5 23. Qb3 Ne6 24. Qxb5 Nc7 25. Qb6 Ra6 26. Qb3 b5 27. Nf1 b4 
28. Ne5 Ra3 29. Qc2 Be6 30. Bd3 Qf6 31. Qe2 Kf8 32. Rc6 Ne8 33. Rdc1 Raa8 
34. Ng3 h4 35. Nf1 h3 36. gxh3 gxh3 37. Ng3 b3 38. Kh1 Bxe5 39. fxe5 Qg5 
40. Rf1 Ng7 41. Qf2 Kg8 42. Rg1 Qh4 43. Qf3 Qg4 44. Qf2 Qh4 45. Rc3 Rdb8 
46. Bb1 Ra1 47. Qb2 Qg4 48. e4 Rxb1 49. Qxb1 b2 50. Nf5 Qxe4+ 51. Qxe4 dxe4 
52. Nxg7 b1=Q 53. Nxe6+ Qxg1+ 54. Kxg1 fxe6 55. Rxh3 Kf7 56. Re3 Kg6 
57. Rxe4 Kf5 58. Re1 Rd8 59. h3 Rxd4 60. h4 Rg4+ 61. Kf1 Rxh4 62. Re2 Re4 
63. Rxe4 Kxe4 64. Ke2 1/2-1/2

[Event "Wednesday Apr 11 Engine Tour 9 Rd Swiss 12m+1s Starts at 1600hrs ST"]
[Site "Infinity Chess"]
[Date "2018.4.11"]
[Round "1"]
[White "ocirema"]
[Black "NINJA_JENGKA"]
[Result "1/2-1/2"]
[ECO "B90"]
[WhiteElo "2461"]
[BlackElo "2393"]
[WhiteEngine "asmFishW_2018-04-08_popcnt"]
[BlackEngine "Houdini 6_CTG"]
[EventType "Swiss"]
[WhiteTeam ""]
[BlackTeam ""]
[PlyCount "155"]
[TimeControl "720+1"]

1. e4 c5 2. Nf3 d6 3. d4 cxd4 4. Nxd4 Nf6 5. Nc3 a6 6. Be3 e5 7. Nb3 Be6 
8. f3 Nbd7 9. Qd2 h5 10. Nd5 Nxd5 11. exd5 Bf5 12. Na5 Be7 13. Be2 Qc7 
14. O-O O-O 15. c4 Nf6 16. b4 Rfe8 17. Rad1 Bd7 18. h3 Ba4 19. Rc1 b6 20. Nb3 h4 
21. Rfd1 Rad8 22. Re1 Nh5 23. Bd3 Rb8 24. Bc2 Qd7 25. Be4 Qd8 26. c5 dxc5 
27. bxc5 bxc5 28. Nxc5 Bb5 29. Red1 Bxc5 30. Rxc5 Qd6 31. Re1 g6 32. Bf2 Nf4 
33. Kh1 Red8 34. Rd1 Kg7 35. Qe1 Bd7 36. Be3 Qf6 37. Qd2 Ba4 38. Re1 Be8 
39. Rc4 Rdc8 40. Rec1 Rxc4 41. Rxc4 Rd8 42. Rb4 Qg5 43. Qb2 Rd6 44. a4 a5 
45. Rc4 Rd8 46. Qf2 f5 47. Bxf4 Qxf4 48. Bd3 Qg3 49. Qa7+ Bf7 50. Rc1 Rxd5 
51. Bf1 Rd8 52. Qxa5 Qf4 53. Qc3 Rd5 54. Bb5 Qd4 55. Qc7 Kf8 56. Qb7 Rc5 
57. Re1 Qb4 58. Rd1 e4 59. fxe4 Qxe4 60. Qb6 Rc3 61. Kg1 Qe3+ 62. Qxe3 Rxe3 
63. a5 Ra3 64. a6 Be6 65. Rd8+ Ke7 66. Rh8 g5 67. Rh6 Bf7 68. Kf2 Bd5 
69. Rg6 Ra2+ 70. Ke3 f4+ 71. Kd4 Bxg2 72. Rxg5 Bxh3 73. a7 Be6 74. Re5 Rxa7 
75. Bc4 Rd7+ 76. Ke4 Rd6 77. Rxe6+ Rxe6+ 78. Bxe6 1/2-1/2

[Event "Wednesday Apr 11 Engine Tour 9 Rd Swiss 12m+1s Starts at 1600hrs ST"]
[Site "Infinity Chess"]
[Date "2018.4.11"]
[Round "1"]
[White "star99"]
[Black "Marsell"]
[Result "1/2-1/2"]
[ECO "C77"]
[WhiteElo "2410"]
[BlackElo "2465"]
[WhiteEngine "Cryptic Heroes 9.3B"]
[BlackEngine "BrainFish_180408_x64_bmi2"]
[EventType "Swiss"]
[WhiteTeam ""]
[BlackTeam ""]
[PlyCount "123"]
[TimeControl "720+1"]

1. e4 e5 2. Nf3 Nc6 3. Bb5 a6 4. Ba4 Nf6 5. O-O Be7 6. Re1 b5 7. Bb3 O-O 
8. c3 d5 9. exd5 Nxd5 10. Nxe5 Nxe5 11. Rxe5 c6 12. Re1 Bd6 13. d3 Bf5 
14. Qf3 Qf6 15. Nd2 Qg6 16. Bxd5 cxd5 17. Nf1 Bxd3 18. Qxd5 Rfe8 19. Be3 Bc4 
20. Qf3 Rad8 21. Ng3 Be5 22. Nf5 Be6 23. Nh4 Qf6 24. Qxf6 Bxf6 25. Nf3 b4 
26. Bd4 bxc3 27. bxc3 Bxd4 28. cxd4 Bd5 29. a3 Kf8 30. Rxe8+ Kxe8 31. Nh4 g6 
32. Rc1 Rb8 33. h3 Rb3 34. Rc5 Bb7 35. Re5+ Kf8 36. Re3 Rb1+ 37. Kh2 Rd1 
38. g4 Rxd4 39. Kg3 Bd5 40. Nf3 Rd1 41. Ne1 h6 42. Rd3 Rxd3+ 43. Nxd3 Ke7 
44. Kf4 g5+ 45. Kf5 Be6+ 46. Ke4 Bc4 47. f4 a5 48. Kd4 Bb5 49. f5 Ba6 
50. Nf2 Bf1 51. Ke5 f6+ 52. Kd4 Be2 53. Ke3 Bf1 54. Kd4 a4 55. Kd5 Bg2+ 
56. Kc4 Kd6 57. Kd4 Ke7 58. Kc4 Bf3 59. Kc5 Bg2 60. Kd4 Bf1 61. Kc5 Bg2 62. Kc4 
1/2-1/2

[Event "Wednesday Apr 11 Engine Tour 9 Rd Swiss 12m+1s Starts at 1600hrs ST"]
[Site "Infinity Chess"]
[Date "2018.4.11"]
[Round "1"]
[White "MCDermont"]
[Black "localhero"]
[Result "1/2-1/2"]
[ECO "C55"]
[WhiteElo "2473"]
[BlackElo "2426"]
[WhiteEngine "BrainFish 090218"]
[BlackEngine "asmFishW_2017-10-04_popcnt"]
[EventType "Swiss"]
[WhiteTeam ""]
[BlackTeam ""]
[PlyCount "122"]
[TimeControl "720+1"]

1. e4 e5 2. Nf3 Nc6 3. Bc4 Nf6 4. d3 Bc5 5. c3 d6 6. O-O a5 7. Nbd2 O-O 
8. Re1 h6 9. Nf1 a4 10. h3 Ra5 11. Ng3 Bb6 12. Rb1 Be6 13. Bxe6 fxe6 
14. Be3 Bxe3 15. Rxe3 Nh7 16. Qe2 Rf7 17. Rd1 Nf8 18. d4 Ng6 19. Qd2 Ra8 
20. Ne2 b5 21. Qc2 Qd7 22. b3 Qe8 23. Nh2 Rf8 24. g3 axb3 25. axb3 Ra3 
26. Nf3 Qf7 27. Rf1 Ra5 28. Qd3 Rb8 29. Kg2 Ra6 30. Qd2 Ra3 31. h4 Qf6 
32. Nc1 Ra7 33. Ne2 Ra3 34. Qd1 Ra2 35. Nc1 Ra3 36. Qd3 Ra7 37. Qd2 Rf8 
38. Ne2 Qf7 39. Nc1 Qf6 40. h5 Nge7 41. Ne2 Qf7 42. g4 exd4 43. Nfxd4 Ne5 
44. Rg3 d5 45. g5 Qxh5 46. Nxe6 Nf3 47. N2f4 Nxd2 48. Nxh5 Nxf1 49. Kxf1 hxg5 
50. Nxf8 Kxf8 51. Rxg5 Ra3 52. Nxg7 Rxb3 53. Ne6+ Kf7 54. Nxc7 Kf6 55. f4 Rxc3 
56. Nxd5+ Nxd5 57. Rxd5 Rf3+ 58. Ke2 Rxf4 59. Ke3 Rh4 60. Rxb5 Rh1 61. Kd3 Rg1 
1/2-1/2